 Dungeon Crawl Stone Soup version 0.28-a0-683-ga8797d1ae1 (webtiles) character file.

Game seed: 17858912481969499140

91 shoop the Chucker (level 4, -5/45 HPs)
             Began as an Ogre Hunter on Oct 18, 2021.
             Was an Initiate of Hepliaklqana.
             Slain by a phantom (6 damage)
             ... on level 4 of the Dungeon.
             The game lasted 00:08:13 (3700 turns).

shoop the Chucker (Ogre Hunter)                     Turns: 3700, Time: 00:08:13

Health: -5/45      AC:  3    Str: 16    XL:     4   Next: 57%
Magic:  4/4        EV:  9    Int: 13    God:    Hepliaklqana [......]
Gold:   208        SH:  0    Dex:  9    Spells: 3/3 levels left

rFire   . . .      SeeInvis .   f - +0 short sword (speed)
rCold   . . .      Faith    .   (no shield)
rNeg    . . .      Spirit   .   b - +0 robe
rPois   .          Reflect  .   (helmet restricted)
rElec   .          Harm     .   (no cloak)
rCorr   .          Rampage  .   (gloves unavailable)
Will    .....                   (boots unavailable)
Stlth   +.........              (no amulet)
HPRegen 0.15/turn               (no ring)
MPRegen 0.09/turn               (no ring)

@: weak-willed
A: large, unfitting armour, tough skin 1
a: Renounce Religion


You were on level 4 of the Dungeon.
You worshipped Hepliaklqana.
Hepliaklqana was noncommittal.
You visited 2 branches of the dungeon, and saw 5 of its levels.

You collected 208 gold pieces.

Inventory:

Hand Weapons
 a - a +0 short sword
 f - a +0 short sword of speed (weapon)
Missiles
 d - 2 throwing nets (quivered)
 o - 45 stones
Armour
 b - a +0 robe (worn)
Wands
 j - a wand of paralysis (7)
 m - a wand of acid (3)
Scrolls
 h - a scroll of amnesia {unknown}
 k - 2 scrolls of vulnerability
 n - a scroll of identify {unknown}
Potions
 e - a potion of heal wounds
 l - a potion of brilliance {unknown}


   Skills:
 - Level 3.0 Fighting
 - Level 1.1 Short Blades
 - Level 5.0 Throwing
 - Level 1.7 Dodging
 - Level 0.6 Stealth
 + Level 1.7 Evocations


You had 3 spell levels left.
You didn't know any spells.
Your spell library contained the following spells:

 Spells                   Type           Power      Damage    Failure   Level
 Sandblast                Erth           0%         2d4       30%         1
 Blink                    Tloc           N/A        N/A       43%         2
 Passwall                 Tmut/Erth      0%         N/A       43%         2
 Stone Arrow              Conj/Erth      0%         3d7       67%         3
 Manifold Assault         Tloc           0%         N/A       100%        5
 Storm Form               Tmut/Air       0%         N/A       100%        7


Dungeon Overview and Level Annotations

Branches:
Dungeon (4/15)             Temple (1/1) D:4

Altars:
Cheibriados
Dithmenos
Elyvilon
Fedhas
Gozag
Hepliaklqana
Kikubaaqudgha
Makhleb
Nemelex Xobeh
Okawaru
Qazlal
Ru
Sif Muna
Trog
Uskayaw
Vehumet
Wu Jian
Xom
Yredelemnul
Zin
The Shining One

Shops:
D:1 *

Annotations:
D:4 exclusion: orc priest


Innate Abilities, Weirdness & Mutations

You are too large for most types of armour.
You have tough skin. (AC +1)


Message History

The phantom is severely damaged.
The phantom closely misses you. The phantom completely misses you.
Throw: 4 large rocks
Press: ? - help, Q - select action, (/) - cycle Shift-Dir - straight line, f/p - phantom
Aim: a phantom (severely damaged, covered in acid, 46% to hit)
You throw a large rock.
The large rock closely misses the phantom.
The phantom hits you!
* * * LOW HITPOINT WARNING * * *
The phantom blinks!
You blink.
Throw: 3 large rocks
Press: ? - help, Q - select action, (/) - cycle Shift-Dir - straight line, f/p - phantom
Aim: a phantom (severely damaged, covered in acid, 46% to hit)
You throw a large rock.
The large rock barely misses the phantom.
The phantom closely misses you. The phantom hits you!
* * * LOW HITPOINT WARNING * * *
The phantom blinks!
You blink.
You closely miss the phantom.
The phantom is heavily damaged.
The phantom closely misses you.
Throw: 2 large rocks
Press: ? - help, Q - select action, (/) - cycle Shift-Dir - straight line, f/p - phantom
Aim: a phantom (heavily damaged, covered in acid, 46% to hit)
You throw a large rock. The large rock misses the phantom.
The phantom barely misses you.
Throw: large rock
Press: ? - help, Q - select action, (/) - cycle Shift-Dir - straight line, f/p - phantom
Aim: a phantom (heavily damaged, covered in acid, 46% to hit)
You throw a large rock.
The large rock closely misses the phantom.
The phantom barely misses you. The phantom hits you.
* * * LOW HITPOINT WARNING * * *
You closely miss the phantom.
The phantom is heavily damaged.
The phantom hits you but does no damage.
You hit the phantom.
The phantom is severely damaged.
The phantom hits you.
You die...

#.#..#.#.# #..#
#.#....#.# #..#
#.#....#.# #..#
#.#...(#.###..#
#.........##..#
#.........##..#
#.#####.........##..#
......W.(.....(.....####
#######@..<.....###.....
######.#### ###### #.#
#.# ##### ..# ..... ###
..... ..... ..... ...o.


You could see a phantom (corroded).

Vanquished Creatures
  An orc priest (D:4)
  2 adders
  A worm (D:2)
  A dart slug (D:3)
  3 orcs
  2 endoplasms
  2 giant cockroaches
  2 goblins
  3 hobgoblins
  2 jackals (D:2)
  A quokka (D:3)
  3 ball pythons
  2 bats
  5 frilled lizards
  3 kobolds
  3 rats
36 creatures vanquished.

Vanquished Creatures (others)
  2 fungi (D:1)
2 creatures vanquished.

Grand Total: 38 creatures vanquished

Notes
Turn   | Place    | Note
-------+----------+-------------------------------------------
     0 | D:1      | shoop the Ogre Hunter began the quest for the Orb.
     0 | D:1      | Reached XP level 1. HP: 22/22 MP: 1/1
   244 | D:1      | Found Daxzauw's Assorted Antiques.
   322 | D:1      | Reached XP level 2. HP: 31/31 MP: 2/2
   452 | D:1      | Found a faded altar of an unknown god.
   767 | D:2      | You fall into a shaft and drop 1 floor!
  1440 | D:2      | Reached skill level 1 in Short Blades
  1541 | D:2      | Reached XP level 3. HP: 37/37 MP: 3/3
  2245 | D:4      | Noticed a phantom
  2294 | D:4      | Found a staircase to the Ecumenical Temple.
  2304 | Temple   | Entered the Ecumenical Temple
  2829 | Temple   | Became a worshipper of Hepliaklqana the Forgotten
  3032 | D:4      | Reached skill level 1 in Evocations
  3076 | D:3      | Reached XP level 4. HP: 15/45 MP: 4/4
  3279 | D:4      | Reached skill level 5 in Throwing
  3668 | D:4      | Noticed a phantom
  3668 | D:4      | Noticed a phantom
  3698 | D:4      | HP: 1/45 [phantom (6)]
  3700 | D:4      | Slain by a phantom

Illustrated notes

Levels and vault maps discovered:
D:1:      minmay_arrival_doors, layout_loops_ring,
          shapermc_ecumenical_altar_acropolis, serial_shops, shop
D:2:      layout_basic
D:3:      layout_basic
D:4:      layout_basic, minmay_temple_entry_large_hall
Temple:   roderic_octagonal_lattice_temple

Skill      XL: |  1  2  3  4 |
---------------+-------------+-----
Fighting       | 3 |  3.0
Short Blades   | 1 |  1.1
Evocations     | 1 |  1.7
Throwing       | 5 |  5.0
Dodging        | |  1.7
Stealth        | |  0.6

Action                   |  1- 3 |  4- 6 || total
-------------------------+-------+-------++-------
Melee: Short sword       |   158 |    14 ||   172
Throw: Large rock        |     6 |     9 ||    15
Evoke: Wand              |       |     5 ||     5
  Use: Scroll            |       |     2 ||     2
       Potion            |       |     2 ||     2
 Stab: Sleeping          |     1 |       ||     1
Armor: Robe              |    40 |    11 ||    51
Dodge: Dodged            |    72 |    25 ||    97

Table legend: (Time is in decaauts)
 A = Elapsed time spent in this place.
 B = Non-inter-level travel time spent in this place.
 C = Inter-level travel time spent in this place.
 D = Time resting spent in this place.
 E = Time spent auto-exploring this place.
 F = Levels seen in this place.
 G = Mean time per level.
                   A        B        C        D        E       F      G
               +--------+--------+--------+--------+--------+-----+--------+
         Total |   3676 |   3425 |    251 |    237 |   2605 |   5 |  735.2 |
       Dungeon |   3129 |   2939 |    190 |    237 |   2155 |   4 |  782.2 |
        Temple |    546 |    485 |     61 |      0 |    450 |   1 |  546.0 |
               +--------+--------+--------+--------+--------+-----+--------+

Top non-repeatable levels by time:
     D:3: 926 daAuts
     D:2: 846 daAuts
     D:1: 799 daAuts
     D:4: 557 daAuts
  Temple: 546 daAuts
